 Dungeon Crawl Stone Soup version 0.28-a0-662-g1651b1f1e0 (webtiles) character file.

Game seed: 6140420063487532334

238 bande the Chopper (level 6, -4/38 HPs)
             Began as a Gargoyle Fighter on Oct 14, 2021.
             Killed by divine providence
             ... invoked by an orc priest
              (15 damage)
             ... on level 3 of the Dungeon.
             The game lasted 00:03:07 (2383 turns).

bande the Chopper (Gargoyle Fighter)                Turns: 2383, Time: 00:03:08

Health: -4/38      AC: 11    Str: 20    XL:     6   Next: 7%
Magic:  6/6        EV:  9    Int:  9    God:
Gold:   159        SH:  4    Dex: 10    Spells: 5/5 levels left

rFire   . . .      SeeInvis .   a - +0 war axe
rCold   . . .      Faith    .   c - +0 buckler
rNeg    + . .      Spirit   .   b - +0 scale mail
rPois   ∞          Reflect  .   (no helmet)
rElec   +          Harm     .   (no cloak)
rCorr   .          Rampage  .   (no gloves)
Will    .....                   (no boots)
Stlth   ..........              (no amulet)
HPRegen 0.12/turn               (no ring)
MPRegen 0.10/turn               (no ring)

@: no status effects
A: sickness immunity, AC +4, negative energy resistance 1, electricity
resistance, torment resistance 1, petrification resistance
a: no special abilities


You were on level 3 of the Dungeon.
You visited 1 branch of the dungeon, and saw 3 of its levels.

You collected 159 gold pieces.

Inventory:

Hand Weapons
 a - a +0 war axe (weapon)
Armour
 b - a +0 scale mail (worn)
 c - a +0 buckler (worn)
Jewellery
 e - a ring of fire
Potions
 d - 2 potions of heal wounds {unknown}
 f - a potion of ambrosia {unknown}
 g - a potion of curing {unknown}
 i - a potion of degeneration {unknown}


   Skills:
 + Level 4.2 Fighting
 + Level 4.3 Axes
 + Level 4.0 Armour
 - Level 0.2 Dodging
 + Level 3.8 Shields


You had 5 spell levels left.
You didn't know any spells.
Your spell library was empty.

Dungeon Overview and Level Annotations

Branches:
Dungeon (3/15)

Altars:
Cheibriados
Beogh


Innate Abilities, Weirdness & Mutations

You are immune to sickness and miasma.
Your stone body is resilient. (AC +4)
You are immune to poison.
You resist negative energy. (rN+)
You are resistant to electric shocks. (rElec)
You are resistant to unholy torment.
You are immune to petrification.


Message History

Found 83 gold pieces.
Found a roughly hewn altar of Beogh.
The orc wizard gestures wildly while chanting.
The orc wizard flickers and vanishes!
Deactivating autopickup; reactivate with Ctrl-A.
The orc wizard gestures wildly while chanting.
The orc wizard flickers and vanishes!
You miss something.
A puff of flame appears from out of thin air!
The puff of flame hits you. The orc hits you but does no damage.
Something hits you but does no damage.
You hear some strange, mumbled words.
Something tries to affect you, but you resist.
You closely miss the orc. You miss something. You block the orc's attack.
Something hits you. x2
You hit something. You slash something!
You hear some strange, mumbled words.
A magic dart appears from out of thin air!
The magic dart hits you.
Unknown command.
You barely miss something. You closely miss something.
Something hits you but does no damage. x2
You closely miss something. You miss something.
Something hits you but does no damage. x3
The orc priest invokes the aid of Beogh against you.
Unknown command.
You closely miss something. You miss something.
Something hits you but does no damage. Something hits you. x2
Unknown command.
You miss something. x2
You hear some strange, mumbled words.
A magic dart appears from out of thin air!
The magic dart hits you! Something hits you.
* * * LOW HITPOINT WARNING * * *
You slash something!
Reactivating autopickup.
You feel a bit more experienced.
You slash something!
You feel a bit more experienced.
The orc priest mumbles some strange prayers to Beogh against you.
Beogh smites you!
You die...

##############
#.........o)@#
#.##......o#)#
#.#..##.#.# #
#.#..##.#..
#.##....##.###.
#...o..###.# #.
####.### #.# .#
#.#####.# #
#.......#


You could see an orc priest and an orc.

Vanquished Creatures
  Sigmund (D:2)
  2 orc wizards (D:3)
  4 adders (D:2)
  A dart slug (D:2)
  4 ball pythons
  4 endoplasms (D:2)
  2 giant cockroaches (D:2)
  9 goblins
  10 hobgoblins
  3 jackals (D:1)
  5 bats
  3 frilled lizards (D:2)
  3 kobolds (D:2)
  A rat (D:2)
52 creatures vanquished.

Notes
Turn   | Place    | Note
-------+----------+-------------------------------------------
     0 | D:1      | bande the Gargoyle Fighter began the quest for the Orb.
     0 | D:1      | Reached XP level 1. HP: 14/14 MP: 1/1
     2 | D:1      | Noticed an ogre
     2 | D:1      | Noticed a troll
     4 | D:1      | Noticed a demigod
     4 | D:1      | Noticed a tengu
     6 | D:1      | Noticed a draconian
     8 | D:1      | Noticed a gargoyle
     8 | D:1      | Noticed a formicid
    10 | D:1      | Noticed a naga
    12 | D:1      | Noticed a vampire
    14 | D:1      | Noticed a merfolk
    16 | D:1      | Noticed an octopode
    16 | D:1      | Noticed a demonspawn
    18 | D:1      | Noticed a felid
    18 | D:1      | Noticed a ghoul
    20 | D:1      | Noticed a human
    20 | D:1      | Noticed a vine stalker
    22 | D:1      | Noticed a spriggan
    22 | D:1      | Noticed an elf
    24 | D:1      | Noticed a dwarf
    24 | D:1      | Noticed a minotaur
   211 | D:1      | Found a faded altar of an unknown god.
   287 | D:1      | Reached XP level 2. HP: 19/19 MP: 2/2
   922 | D:2      | Found a snail-covered altar of Cheibriados.
  1137 | D:2      | Reached XP level 3. HP: 24/24 MP: 3/3
  1397 | D:2      | Reached XP level 4. HP: 29/29 MP: 4/4
  1609 | D:2      | Noticed Sigmund
  1627 | D:2      | Killed Sigmund
  1628 | D:2      | Reached XP level 5. HP: 20/33 MP: 5/5
  2054 | D:2      | Reached XP level 6. HP: 37/38 MP: 6/6
  2383 | D:3      | Killed from afar by an orc priest

Illustrated notes

Levels and vault maps discovered:
D:1:      kb_arrival_jail, layout_basic, shapermc_ecumenical_altar_notcrosses,
          glass_columns_a
D:2:      cheibrodos_greedy_goblins, layout_loops_corners, basic_altar,
          minmay_pentomino_z2, uniq_sigmund
D:3:      corexii_shack_village, layout_loops_corners, serial_shops,
          nicolae_shop_window_shopping, kennysheep_orc_chapel

Skill      XL: |  1  2  3  4 |
---------------+-------------+-----
Axes           | 2 4 |  4.3
Fighting       | 4 |  4.2
Armour         | 4 |  4.0
Dodging        | |  0.2
Shields        | |  3.8

Action                   |  1- 3 |  4- 6 || total
-------------------------+-------+-------++-------
Melee: War axe           |    85 |    75 ||   160
  Use: Potion            |       |     1 ||     1
       Scroll            |       |     2 ||     2
Armor: Scale mail        |    63 |    40 ||   103
Dodge: Dodged            |    47 |    27 ||    74
Block: Buckler           |    23 |     9 ||    32

Table legend: (Time is in decaauts)
 A = Elapsed time spent in this place.
 B = Non-inter-level travel time spent in this place.
 C = Inter-level travel time spent in this place.
 D = Time resting spent in this place.
 E = Time spent auto-exploring this place.
 F = Levels seen in this place.
 G = Mean time per level.
                   A        B        C        D        E       F      G
               +--------+--------+--------+--------+--------+-----+--------+
         Total |   2442 |   2410 |     32 |    215 |   1685 |   3 |  814.0 |
       Dungeon |   2442 |   2410 |     32 |    215 |   1685 |   3 |  814.0 |
               +--------+--------+--------+--------+--------+-----+--------+

Top non-repeatable levels by time:
     D:2: 1652 daAuts
     D:1: 702 daAuts
     D:3: 88 daAuts
